 Dungeon Crawl Stone Soup version 0.31.0-32-g396128a36d (webtiles) character file.

Game seed: 2499657925360957248

2313 spaghetti the Protected (level 9, -8/78 HPs)
             Began as a Naga Chaos Knight on Mar 11, 2024.
             Was a Plaything of Xom.
             Mangled by a freezing wraith (11 damage)
             ... on level 2 of the Abyss.
             The game lasted 00:09:50 (5576 turns).

spaghetti the Protected (Naga Chaos Knight)         Turns: 5576, Time: 00:09:50

Health: -8/78      AC: 10    Str: 17 (20) XL:     9   Next: 41%
Magic:  9/9        EV:  9    Int: 10 (12) God:    Xom [..*...]
Gold:   843        SH:  0    Dex: 11 (14) Spells: 8/8 levels left

rFire   . . .        i - +4 quarterstaff "Killer Klown's Foe" {drain, Dex+4}
rCold   . . .        (shield currently unavailable)
rNeg    . . .        b - +2 leather armour
rPois   +            (no helmet)
rElec   .            p - +1 cloak
rCorr   .            (no gloves)
SInv    +            (no barding)
Will    +....        (no amulet)
Stlth   +            (no ring)
HPRegen 0.33/turn    (no ring)
MPRegen 0.11/turn

%: no passive effects
@: about to teleport, slowed, very slow
A: AC +3, large, see invisible, deformed body, poison resistance, slowness 2,
spit poison 1, naga tail 1
a: Spit Poison, Renounce Religion


You were on level 2 of the Abyss.
You worshipped Xom.
You were a toy of Xom.
You visited 1 branch of the dungeon, and saw 7 of its levels.
You visited the Abyss 1 time.

You collected 843 gold pieces.

Inventory:

Hand Weapons
 a - a +0 spear of chaos
 d - a +0 flail of protection
 i - the +4 quarterstaff "Killer Klown's Foe" (weapon) {drain, Dex+4}
   (You found it on level 4 of the Dungeon)

   Dex+4:     It affects your dexterity (+4).
 k - a +1 halberd
Missiles
 l - 2 curare-tipped darts
Armour
 b - a +2 leather armour (worn)
 p - a +1 cloak (worn)
Wands
 j - a wand of charming (6)
Scrolls
 c - a scroll of butterflies
 f - 3 scrolls of identify
 m - 5 scrolls of immolation
Potions
 e - 2 potions of enlightenment
 g - a potion of curing


   Skills:
 - Level 3.8 Fighting
 - Level 3.0 Polearms
 + Level 10.3 Armour
 - Level 0.7 Dodging


You had 8 spell levels left.
You didn't know any spells.
Your spell library contained the following spells:

 Spells                   Type           Power      Damage    Failure   Level
 Sting                    Conj/Alch      0%         1d3       41%         1
 Blink                    Tloc           0%         N/A       54%         2
 Lesser Beckoning         Tloc           0%         N/A       54%         2
 Mercury Vapours          Alch/Air       0%         N/A       54%         2
 Momentum Strike          Conj/Tloc      0%         3d8       54%         2
 Tukima's Dance           Hex            0%         N/A       78%         3
 Olgreb's Toxic Radiance  Alch           0%         N/A       99%         4
 Passage of Golubria      Tloc           0%         N/A       99%         4
 Yara's Violent Unravell  Hex/Alch       0%         3d3       100%        5


Dungeon Overview and Level Annotations

Branches:
Dungeon (7/15)             Temple (0/1) D:6

Altars:
Ashenzari
Uskayaw
Xom
Yredelemnul

Shops:
D:6 =

Annotations:
D:6 2 transporters, nshep25's ghost, novice DsSh
D:7 Maggie


Innate Abilities, Weirdness & Mutations

Your serpentine skin is tough. (AC +3)
You have supernaturally acute eyesight. (SInv)
Armour fits poorly on your strangely shaped body.
Your system is resistant to poisons. (rPois)
You cover ground very slowly.
You can spit poison.
You have a snake-like lower body.


Message History

h - a smoky green potion It was a potion of degeneration.
There was something very wrong with that liquid.
You feel weakened.
You feel dopey.
You feel clumsy. Maggie hits you but does no damage.
Space warps horribly around you!
Unknown command.
You hit Maggie.
Maggie is lightly wounded.
Maggie hits you with a +1 broad axe of distortion.
Space warps around you.
You sock Maggie! You drain Maggie.
Maggie is moderately wounded.
Maggie hits you with a +1 broad axe of distortion!
Space warps around you.
You barely miss Maggie.
Maggie is moderately wounded.
Maggie hits you with a +1 broad axe of distortion!
You are cast into the Abyss!
This branch contains the abyssal rune of Zot.
You start resting.
A basilisk comes into view.
Okay, then.
As you read the scroll of teleportation, it crumbles to dust.
You feel strangely unstable.
You feel the power of the Abyss delaying your translocation!
The basilisk hisses angrily.
The area is suffused with divine lightning!
The blast of lightning engulfs the freezing wraith!!
You are now a toy of Xom.
The freezing wraith attacks as it pursues you!
The freezing wraith hits you. The freezing wraith freezes you!!
* * * LOW HITPOINT WARNING * * *
The freezing wraith hits you.
* * * LOW HITPOINT WARNING * * *
The freezing wraith drains your vigour!
You feel yourself slow down. The freezing wraith hits you.
* * * LOW HITPOINT WARNING * * *
The freezing wraith freezes you!
You die...
Xom chuckles heartily!

.... ... ####.. #
#. ... #.#
#.##..####....
##. ........#
#..###......#
.####...##@....#
......l...W#.#..#
.##......#..#..
.#
#......##......
#....... .....##
#..............#
#.............##
...#..#..........
#..#..#..........


You could see a freezing wraith and a basilisk.

Vanquished Creatures
  A wraith (D:7)
  Eustachio (D:4)
  A water moccasin (D:6)
  A sky beast (D:7)
  2 ice beasts
  A black bear (D:7)
  A centaur (D:6)
  2 phantoms
  2 kobold brigands
  A scorpion (D:4)
  3 howler monkeys
  A bombardier beetle (D:5)
  3 hounds
  2 iguanas (D:4)
  Natasha (twice) (D:4)
  An orc wizard (D:5)
  3 sleepcaps
  7 adders
  5 gnolls
  A shadow imp (D:7)
  2 ufetubi (D:5)
  2 dart slugs
  A ribbon worm (D:4)
  9 orcs
  5 ball pythons
  A bat (D:1)
  4 endoplasms
  2 giant cockroaches
  10 goblins
  7 hobgoblins
  6 jackals
  15 kobolds
  2 quokkas (D:2)
  4 frilled lizards
  10 rats
121 creatures vanquished.

Vanquished Creatures (collateral kills)
  Jeremiah (D:6)
  A black bear (D:4)
  An ogre (D:4)
  A hound (D:4)
  An adder (D:4)
  2 ball pythons (D:4)
  A kobold (D:6)
8 creatures vanquished.

Grand Total: 129 creatures vanquished

Notes
Turn   | Place    | Note
-------+----------+-------------------------------------------
     0 | D:1      | spaghetti the Naga Chaos Knight began the quest for the
                  | Orb.
     0 | D:1      | Reached XP level 1. HP: 21/21 MP: 1/1
   102 | D:1      | Reached XP level 2. HP: 28/28 MP: 2/2
   225 | D:1      | XOM: silly message
   462 | D:1      | Reached XP level 3. HP: 30/36 MP: 3/3
   538 | D:1      | XOM: silly message
   779 | D:1      | Reached skill level 2 in Armour
  1014 | D:2      | XOM: divination: magic mapping
  1126 | D:2      | Reached XP level 4. HP: 44/44 MP: 4/4
  1186 | D:2      | Found a faded altar of an unknown god.
  1273 | D:2      | XOM: smoke on damage
  1281 | D:2      | Reached skill level 3 in Armour
  1707 | D:3      | XOM: silly message
  1972 | D:3      | XOM: god gift: 7 stones
  2262 | D:4      | Found a basalt altar of Yredelemnul.
  2291 | D:4      | Reached XP level 5. HP: 38/50 MP: 5/5
  2371 | D:4      | Noticed Eustachio
  2384 | D:4      | XOM: summons friendly crimson imp
  2386 | D:4      | XOM: confuse monster(s)
  2402 | D:4      | XOM: divination: magic mapping
  2415 | D:4      | Killed Eustachio
  2416 | D:4      | Reached skill level 4 in Armour
  2416 | D:4      | Reached XP level 6. HP: 25/57 MP: 6/6
  2516 | D:4      | XOM: polymorph crimson imp -> ufetubus
  2566 | D:4      | Noticed a black bear
  2573 | D:4      | Killed a black bear
  2574 | D:4      | Reached skill level 5 in Armour
  2837 | D:4      | Noticed Natasha
  2844 | D:4      | Killed Natasha
  2886 | D:4      | XOM: torment (30/57 hp)
  3001 | D:4      | Identified the +4 quarterstaff "Killer Klown's Foe" {drain,
                  | Dex+4}
  3035 | D:4      | Reached XP level 7. HP: 63/63 MP: 7/7
  3156 | D:4      | XOM: god gift: 11 gold pieces
  3175 | D:4      | Reached skill level 6 in Armour
  3217 | D:4      | XOM: summons friendly white imp
  3222 | D:4      | XOM: confuse monster(s)
  3260 | D:4      | XOM: god gift: 39 gold pieces
  3285 | D:4      | Reached skill level 7 in Armour
  3321 | D:4      | XOM: scenery: 1 doors close
  3498 | D:4      | Noticed Natasha
  3504 | D:4      | Killed Natasha
  3574 | D:5      | Entered Level 5 of the Dungeon
  3585 | D:5      | Reached XP level 8. HP: 71/72 MP: 8/8
  3845 | D:5      | XOM: scenery: create altars
  3935 | D:5      | Reached skill level 8 in Armour
  3968 | D:5      | XOM: noise
  4001 | D:5      | XOM: god gift: hand axe {god gift}
  4233 | D:6      | XOM: polymorph black bear -> gnoll
  4344 | D:6      | Found a hide-covered altar of Uskayaw.
  4387 | D:6      | Found a staircase to the Ecumenical Temple.
  4390 | D:6      | Found Lerrehu's Jewellery Boutique.
  4413 | D:6      | Found a transporter.
  4415 | D:6      | Noticed nshep25's ghost (novice DsSh)
  4426 | D:6      | Noticed Jeremiah
  4455 | D:6      | XOM: summons 2 friendly demons
  4460 | D:6      | Killed Jeremiah
  4461 | D:6      | Reached skill level 9 in Armour
  4461 | D:6      | Reached XP level 9. HP: 20/78 MP: 9/9
  4876 | D:6      | Found a transporter.
  5383 | D:7      | Found a broken altar of Ashenzari.
  5502 | D:7      | Reached skill level 10 in Armour
  5516 | D:7      | XOM: silly message
  5525 | D:7      | Noticed Maggie
  5535 | D:7      | XOM: fake destruction
  5557 | Abyss:2  | Cast into level 2 of the Abyss (Maggie)
  5572 | Abyss:2  | Noticed a freezing wraith
  5575 | Abyss:2  | XOM: divine lightning
  5576 | Abyss:2  | HP: 3/78 [freezing wraith (6)]
  5576 | Abyss:2  | Mangled by a freezing wraith

Illustrated notes

Levels and vault maps discovered:
D:1:      spicycebolla_arrival_xxxplode, layout_loops_ring, dk_noncrumbling_3,
          minmay_misc_feat_nine_boxes, minmay_pentomino_r4
D:2:      layout_basic, shapermc_ecumenical_altar_venn
D:3:      layout_basic, chequers_serial_rivers_large_b,
          hangedman_decor_clover_reticule, kennysheep_generic_room_15
D:4:      minmay_polygon_palace, layout_gridville,
          mainiacjoe_overflow_surrounded_room, uniq_eustachio, uniq_natasha
D:5:      layout_rooms, lemuel_flamethrower_1
D:6:      layout_cave_pools, lemuel_tele_altar, minmay_temple_entry_butterflies,
          gammafunk_ghost_stat_death, serial_shops, shop_fountains,
          grunt_ministairs_10, chequers_serial_rivers_room_b, uniq_jeremiah
D:7:      layout_basic, lemuel_coloured_pillars_altar, kennysheep_mini_moat,
          chequers_serial_rivers_large_a, minmay_misc_feat_tiny, uniq_maggie
Abyss:2:  base: D:2, hangedman_relentless_pull

Skill      XL: |  1  2  3  4  5  6  7  8  9 |
---------------+----------------------------+-----
Armour         | 2 3 4 5 7 9 10 | 10.3
Fighting       | |  3.8
Polearms       | |  3.0
Dodging        | |  0.7

Action                     |  1- 3 |  4- 6 |  7- 9 || total
---------------------------+-------+-------+-------++-------
  Melee: Spear             |   126 |     3 |       ||   129
         Punch             |     1 |       |       ||     1
         Flail             |       |    28 |       ||    28
         Halberd           |       |    56 |       ||    56
         Quarterstaff      |       |    10 |   204 ||   214
Ability: Spit Poison       |     2 |    22 |    25 ||    49
    Use: Potion            |     1 |     3 |     3 ||     7
         Scroll            |       |     8 |     5 ||    13
   Stab: Confused          |       |     1 |       ||     1
         Invisible         |       |       |     2 ||     2
 Armour: Leather armour    |    84 |   104 |   191 ||   379
         Skin              |       |    16 |       ||    16
  Dodge: Dodged            |    61 |    70 |   125 ||   256
